 Dungeon Crawl Stone Soup version 0.19-a0-1032-g6b228a8 (webtiles) character file.

84 useraccount the Insei (level 4, -3/35 HPs)
             Began as a Demonspawn Monk on July 28, 2016.
             Slain by a worm (8 damage)
             ... on level 3 of the Dungeon.
             The game lasted 00:01:40 (1700 turns).

useraccount the Insei (Demonspawn Monk)             Turns: 1700, Time: 00:01:41

Health: -3/35      AC:  7    Str: 12    XL:     4   Next: 23%
Magic:  4/4        EV: 12    Int: 12    God:
Gold:   117        SH:  0    Dex: 15    Spells: 0 memorised, 3 levels left

rFire  . . .     SeeInvis .       - Unarmed
rCold  . . .     Gourm    .     h - +0 ring mail
rNeg   . . .     Faith    .     (no shield)
rPois  .         Spirit   .     (no helmet)
rElec  .         Dismiss  .     (no cloak)
rCorr  .         Reflect  .     i - +0 pair of gloves (curse)
SustAt .         Harm     .     a - +0 pair of boots
MR     .....                    (no amulet)
Stlth  +.........               (no ring)
                                (no ring)

@: not resistant to hostile enchantments, very unstealthy
A: powered by death 1
a: no special abilities


You were on level 3 of the Dungeon.
You were not hungry.

You visited 1 branch of the dungeon, and saw 3 of its levels.

You collected 117 gold pieces.

Inventory:

Armour
 a - a +0 pair of boots (worn)
 h - a +0 ring mail (worn)
 i - a cursed +0 pair of gloves (worn)
Scrolls
 d - a scroll of remove curse {unknown}
 e - 3 scrolls of random uselessness {unknown}
 f - 2 scrolls of identify {unknown}
 g - a scroll of fog {unknown}
 j - a scroll of blinking {unknown}
 p - a scroll of noise {unknown}
 r - a scroll of teleportation {unknown}
Potions
 c - a potion of lignification {unknown}
 k - a potion of heal wounds {unknown}
 l - 2 potions of might {unknown}
 m - a potion of brilliance {unknown}
 n - a potion of haste {unknown}
 s - a potion of curing {unknown}
Comestibles
 b - a bread ration
 o - a royal jelly
 q - 9 chunks of flesh


   Skills:
 - Level 3.0 Fighting
 + Level 1.5 Armour
 + Level 3.3 Dodging
 - Level 2.0 Stealth
 * Level 3.6 Unarmed Combat


You had 3 spell levels left.
You didn't know any spells.

Dungeon Overview and Level Annotations

Branches:
Dungeon (3/15)

Altars:
Qazlal


Innate Abilities, Weirdness & Mutations

You regenerate a little health from kills.


Message History

You hit the worm.
The worm is heavily wounded.
You hit the worm.
The worm is severely wounded.
The worm closely misses you.
You hit the worm.
The worm is severely wounded.
You barely miss the worm.
The worm is severely wounded.
The worm bites you.
* * * LOW HITPOINT WARNING * * *
You barely miss the worm.
The worm is severely wounded.
The worm barely misses you.
You punch the worm!
The worm is almost dead.
You barely miss the worm.
The worm is almost dead.
The worm bites you!
You die...

§≈≈≈..≈≈≈§≈§≈≈
#....#.###
§§≈≈).≈≈§≈≈≈≈≈#.....
#.......##
≈≈≈§..§§§§≈≈≈§#....
......#....
§§≈≈..≈≈§≈≈§≈##....
...##..<.##
≈§§≈.§≈§≈≈≈≈## ...#
.#.......#
§§§§§.≈≈§§≈## ...#
######..##
§§§≈§§§≈≈≈## #b.
##... #§≈§..§≈≈##
#w# ###. ####''####
#@# #. #÷.# #.# #.
#.## ######.# #.
#.######......# ##.
#..........>### ##..
#####.##.##.# #...
#.##.##.###### #...
#.##.........####
#.##
#.#####.#.......#
#.#


You could see a worm and a bat.

Vanquished Creatures
  3 adders
  An ooze (D:1)
  A worm (D:3)
  4 dart slugs
  5 orcs (D:3)
  6 goblins
  2 hobgoblins
  5 jackals (D:2)
  A kobold (D:2)
  4 bats
  2 giant newts
  2 rats
36 creatures vanquished.

Notes
Turn   | Place    | Note
-------+----------+-------------------------------------------
     0 | D:1      | useraccount the Demonspawn Monk began the quest for the Orb.
     0 | D:1      | Reached XP level 1. HP: 18/18 MP: 1/1
   464 | D:1      | Gained mutation: You regenerate a little health from kills. [demonic ancestry]
   464 | D:1      | Reached XP level 2. HP: 18/24 MP: 2/2
   873 | D:2      | Reached skill level 1 in Armour
  1011 | D:2      | Reached XP level 3. HP: 29/29 MP: 3/3
  1220 | D:2      | Found a stormy altar of Qazlal.
  1558 | D:3      | Reached XP level 4. HP: 32/35 MP: 4/4
  1700 | D:3      | Slain by a worm

Vault maps used:
D:1:      lightli_iron_boxes
D:2:      lemuel_doored_altar, hangedman_decor_points
D:3:      kennysheep_big_flooded_room, nicolae_overflow_hidden_temple,
          first_bread, gup_sewer_entry_pipe, tgw_trog

Skill      XL: |  1  2  3 |
---------------+----------+-----
Stealth        | 2 |  2.0
Armour         | 1 |  1.5
Unarmed Combat | 3 |  3.6
Dodging        | 3 |  3.3
Fighting       | |  3.0

Action                   |  1- 3 |  4- 6 || total
-------------------------+-------+-------++-------
Melee: Unarmed           |   178 |    44 ||   222
       Punch             |     2 |       ||     2
  Eat: Chunk             |     2 |     1 ||     3
Armor: Robe              |    15 |       ||    15
       Ring mail         |    39 |    11 ||    50
Dodge: Dodged            |   112 |    16 ||   128
